 Dungeon Crawl Stone Soup version 0.31.0-12-g77e489cdc1 (webtiles) character file.

Game seed: 15058070780954563916

6043 Peloso the Carver (level 10, -7/91 HPs)
             Began as a Minotaur Fighter on Feb 15, 2024.
             Was a High Priest of Okawaru.
             Mangled by a death knight
             ... wielding a +3 broad axe of venom
              (20 damage)
             ... on level 10 of the Dungeon.
             The game lasted 00:16:12 (7940 turns).

Peloso the Carver (Minotaur Fighter)                Turns: 7940, Time: 00:16:13

Health: -7/91      AC: 18    Str: 20    XL:     10   Next: 57%
Magic:  7/9        EV: 12    Int:  5    God:    Okawaru [*****.]
Gold:   1601       SH:  7    Dex: 15    Spells: 9/9 levels left

rFire   . . .        a - +0 scimitar
rCold   . . .        d - +0 buckler
rNeg    . . .        k - +0 chain mail of Lucidity {rElec Stlth+}
rPois   .            (helmet restricted)
rElec   +            (no cloak)
rCorr   .            c - +0 pair of gloves
SInv    .            n - +0 pair of boots
Will    .....        v - amulet of regeneration
Stlth   ++           (no ring)
HPRegen 1.15/turn    (no ring)
MPRegen 0.11/turn

%: no passive effects
@: mighty, heroic
A: horns 2, retaliatory headbutt, claws 1, iridescent scales 1, sense
surroundings 1
a: Renounce Religion, Heroism, Finesse, Duel


You were on level 10 of the Dungeon.
You worshipped Okawaru.
Okawaru was extremely pleased with you.
You visited 2 branches of the dungeon, and saw 11 of its levels.

You collected 1601 gold pieces.

Inventory:

Hand Weapons
 a - a +0 scimitar (weapon)
 b - a +0 whip of flaming
Armour
 c - a +0 pair of gloves (worn)
 d - a +0 buckler (worn)
 k - the +0 chain mail of Lucidity (worn) {rElec Stlth+}
   (You took it off a gnoll on level 6 of the Dungeon)

   rElec:     It insulates you from electricity.
   Stlth+:    It makes you more stealthy.
 n - a +0 pair of boots (worn)
 s - a +0 plate armour
 B - a +1 chain mail of willpower
Jewellery
 v - an amulet of regeneration (around neck)
 w - a ring of ice
 C - an amulet of the acrobat
Wands
 x - a wand of roots (14)
Scrolls
 e - a scroll of acquirement
 g - a scroll of blinking
 i - a scroll of enchant weapon {unknown}
 j - 3 scrolls of fog
 l - 7 scrolls of teleportation
 o - 2 scrolls of amnesia
 p - a scroll of noise {unknown}
 r - a scroll of summoning {unknown}
 t - a scroll of immolation
 u - 2 scrolls of fear {unknown}
 y - a scroll of silence {unknown}
 z - 3 scrolls of poison {unknown}
 A - a scroll of vulnerability {unknown}
 E - a scroll of brand weapon {unknown}
 G - a scroll of enchant armour {unknown}
Potions
 h - 2 potions of heal wounds
 m - 2 potions of curing {unknown}
 q - a potion of enlightenment {unknown}
 D - 2 potions of attraction {unknown}
 F - a potion of magic {unknown}
 H - a potion of cancellation {unknown}


   Skills:
 + Level 9.0(14.0) Fighting
 + Level 12.2(17.2) Long Blades
 + Level 10.2(15.2) Armour
 + Level 3.3(8.3) Dodging
 + Level 1.5(6.5) Stealth
 + Level 7.2(12.2) Shields
 + Level 0.2 Invocations
 + Level 0.7 Evocations


You had 9 spell levels left.
You didn't know any spells.
Your spell library contained the following spells:

 Spells                   Type           Power      Damage    Failure   Level
 Sandblast                Erth           0%         2d4       95%         1
 Shock                    Conj/Air       0%         1d3       95%         1
 Slow                     Hex            0%         N/A       95%         1
 Ensorcelled Hibernation  Hex/Ice        0%         N/A       98%         2
 Confusing Touch          Hex            0%         N/A       100%        3
 Passwall                 Erth           0%         N/A       100%        3
 Sigil of Binding         Hex            0%         N/A       100%        3
 Stone Arrow              Conj/Erth      0%         3d7       100%        3
 Swiftness                Air            0%         N/A       100%        3
 Vampiric Draining        Necr           0%         2d6       100%        3
 Airstrike                Air            0%         2d(0-16)  100%        4
 Anguish                  Hex/Necr       0%         N/A       100%        4
 Brom's Barrelling Bould  Conj/Erth      0%         2d3       100%        4
 Cause Fear               Hex            0%         N/A       100%        4
 Enfeeble                 Hex            0%         N/A       100%        7


Dungeon Overview and Level Annotations

Branches:
Dungeon (10/15)            Temple (1/1) D:5            Lair (0/5) D:8
    Orc: D:9-12

Altars:
Ashenzari
Cheibriados
Dithmenos
Elyvilon
Fedhas
Gozag
Hepliaklqana
Kikubaaqudgha
Makhleb
Nemelex Xobeh
Okawaru
Ru
Sif Muna
Trog
Uskayaw
Vehumet
Wu Jian
Xom
Yredelemnul
Zin
The Shining One


Innate Abilities, Weirdness & Mutations

You have a pair of horns on your head.
You reflexively headbutt those who attack you in melee.
You have sharp fingernails.
You are partially covered in iridescent scales. (AC +2)
You passively map a small area around you.


Message History

You gain the combat prowess of a mighty hero.
The howler monkey hits you.
You feel very mighty all of a sudden.
You barely miss the death knight. You headbutt the death knight!
The death knight is lightly wounded.
The death knight reflects your damage back at you!
You hit the death knight.
The death knight is lightly wounded.
The death knight reflects your damage back at you!
The death knight's dark mirror aura disappears.
The death knight barely misses you.
A yak comes into view.
You slice the death knight!!
The death knight is moderately wounded.
You barely miss the death knight. You headbutt the death knight!
The death knight is heavily wounded.
The death knight calls down the wrath of Yredelemnul upon you.
Your body is wracked with pain!
You slash the death knight! You headbutt the death knight.
The death knight is severely wounded.
A red ugly thing comes into view.
The death knight barely misses you.
You barely miss the death knight.
The death knight is severely wounded.
You hit the death knight. You headbutt the death knight!
The death knight is almost dead.
The death knight mumbles some strange prayers to Yredelemnul against you.
Your body is wracked with pain!
* * * LOW HITPOINT WARNING * * *
The howler monkey hoots and howls with incredible vigour!
You hear a shout!
You hear a skittering sound.
You hear a shout!
You hear a howl!
You hear a shout! x3; You hear a bellow! x2
You hit the death knight. Your headbutt misses the death knight.
The death knight is almost dead.
The death knight hits you with a +3 broad axe of venom!
* * * LOW HITPOINT WARNING * * *
You hit the death knight. You headbutt the death knight.
The death knight is almost dead.
The death knight hits you with a +3 broad axe of venom!!
You die...

,..##. .#.. #.#.
.#., , ,...#
#.., , * **
#..#.h* *, *
.u..
#.#####.#####.##
*
.......Yh.......
########p####...
** #@## * * *
#..# * , ##.# ,
,* #.# * ** **
#<# #.# * * #.#
,, #.# * , * #.#
,


You could see a death knight, a red ugly thing, a yak and a howler monkey.

Vanquished Creatures
  A boulder beetle (D:9)
  Maggie (D:7)
  A rime drake (D:8)
  2 trolls (D:9)
  A hornet (D:9)
  A shadow (D:10)
  2 wyverns
  A steam dragon (D:6)
  9 ice beasts
  3 black bears
  A sky beast (D:6)
  3 ogres
  2 orc warriors (D:6)
  3 wolves (D:8)
  3 centaurs
  A kobold brigand (D:9)
  A bullfrog (D:7)
  3 scorpions
  A wight (D:6)
  4 bombardier beetles
  4 orc priests
  6 hounds
  4 gnoll boudas
  5 iguanas
  8 orc wizards
  16 gnolls
  10 adders
  2 shadow imps
  2 white imps
  2 dart slugs
  16 orcs
  5 endoplasms
  3 giant cockroaches
  2 goblins
  10 hobgoblins
  10 jackals
  14 kobolds
  7 quokkas
  11 ball pythons
  2 bats (D:1)
  3 frilled lizards
  5 rats
191 creatures vanquished.

Notes
Turn   | Place    | Note
-------+----------+-------------------------------------------
     0 | D:1      | Peloso the Minotaur Fighter began the quest for the Orb.
     0 | D:1      | Reached XP level 1. HP: 19/19 MP: 0/0
   141 | D:1      | Found a faded altar of an unknown god.
   182 | D:1      | Reached XP level 2. HP: 9/27 MP: 1/1
   550 | D:1      | Gained mutation: You passively map a small area around you.
                  | [potion of mutation]
   550 | D:1      | Gained mutation: You are partially covered in iridescent
                  | scales. (AC +2) [potion of mutation]
   550 | D:1      | Gained mutation: You have sharp fingernails. [potion of
                  | mutation]
   949 | D:1      | Identified 2 scrolls of acquirement
   949 | D:1      | Acquired 1056 gold pieces
   977 | D:2      | Reached skill level 3 in Long Blades
   999 | D:2      | Reached XP level 3. HP: 33/33 MP: 2/2
  1357 | D:2      | Reached XP level 4. HP: 40/40 MP: 3/3
  1681 | D:3      | Noticed a scorpion
  1760 | D:3      | Killed a scorpion
  1761 | D:3      | Reached skill level 4 in Long Blades
  1761 | D:3      | Reached skill level 1 in Dodging
  1761 | D:3      | Reached XP level 5. HP: 47/47 MP: 4/4
  2147 | D:4      | Identified the +2 robe of the Sacrificial Victim {rN+
                  | Dex+4}
  2573 | D:4      | Found a radiant altar of Vehumet.
  2773 | D:4      | Found a hide-covered altar of Uskayaw.
  2880 | D:4      | Reached skill level 5 in Long Blades
  2880 | D:4      | Reached skill level 5 in Armour
  2880 | D:4      | Reached XP level 6. HP: 53/53 MP: 5/5
  2973 | D:5      | Entered Level 5 of the Dungeon
  3028 | D:5      | Found a staircase to the Ecumenical Temple.
  3048 | Temple   | Entered the Ecumenical Temple
  3152 | Temple   | Became a worshipper of Warmaster Okawaru
  3240 | D:5      | Reached skill level 5 in Fighting
  3321 | D:5      | Reached XP level 7. HP: 58/61 MP: 6/6
  3345 | D:5      | Reached skill level 6 in Long Blades
  3345 | D:5      | Reached skill level 5 in Shields
  3494 | D:5      | Noticed a wyvern
  3501 | D:5      | Killed a wyvern
  3501 | D:5      | Reached * piety under Okawaru
  3502 | D:5      | Reached skill level 7 in Long Blades
  3594 | D:5      | Reached XP level 8. HP: 41/70 MP: 7/7
  3762 | D:5      | Reached ** piety under Okawaru
  4113 | D:6      | Reached skill level 8 in Long Blades
  4337 | D:6      | Identified the +0 chain mail of Lucidity {rElec Stlth+}
  4699 | D:6      | Reached skill level 9 in Long Blades
  4865 | D:6      | Reached XP level 9. HP: 78/78 MP: 8/8
  4883 | D:6      | Reached *** piety under Okawaru
  5016 | D:6      | Found a shimmering blue altar of Sif Muna.
  5646 | D:7      | Reached skill level 10 in Long Blades
  5648 | D:7      | Reached skill level 1 in Stealth
  5786 | D:7      | Found a sparkling altar of Nemelex Xobeh.
  5868 | D:7      | Noticed Maggie
  6035 | D:7      | Killed Maggie
  6177 | D:7      | Found a glowing golden altar of the Shining One.
  6425 | D:8      | Found a basalt altar of Yredelemnul.
  6468 | D:8      | Reached skill level 11 in Long Blades
  6530 | D:8      | Reached **** piety under Okawaru
  6540 | D:8      | Noticed a rime drake
  6559 | D:8      | Killed a rime drake
  6571 | D:8      | Reached XP level 10. HP: 61/88 MP: 9/9
  6670 | D:8      | Found a staircase to the Lair.
  6965 | D:9      | Paralysed by a hornet for 3 turns
  6970 | D:9      | Paralysed by a hornet for 3 turns
  7088 | D:9      | Noticed a boulder beetle
  7130 | D:9      | Killed a boulder beetle
  7130 | D:9      | Reached ***** piety under Okawaru
  7131 | D:9      | Reached skill level 12 in Long Blades
  7403 | D:9      | Reached skill level 10 in Armour
  7911 | D:10     | Entered Level 10 of the Dungeon
  7926 | D:10     | Noticed a death knight
  7936 | D:10     | Noticed a red ugly thing
  7940 | D:10     | Mangled by a death knight

Illustrated notes

Levels and vault maps discovered:
D:1:      minmay_arrival_jagged, layout_loops_corners,
          ebering_ecumenical_altar_mist
D:2:      layout_loops_cross, minmay_misc_feat_columns
D:3:      layout_rooms, corexii_item_surrounded_by_moat
D:4:      layout_cave_pools, nicolae_vehumet_altar_sigil,
          mainiacjoe_overflow_cross_hatched, serial_co_window_serial,
          co_window_of_opportunity_a, co_window_of_opportunity_a,
          co_window_corner_a, co_window_paths_a, co_window_of_opportunity_a,
          co_window_unsneaky_path_c, co_window_broadway_c,
          co_window_of_opportunity_b, co_window_broadway_b,
          co_window_broadway_b, co_window_sun, glass_columns_a, glass_columns_a,
          glass_columns_b, glass_columns_b, glass_columns_a
D:5:      layout_loops_ring, minmay_temple_entry_proselytizer
D:6:      hangedman_cross_stitches, layout_basic, kennysheep_orc_sif_temple
D:7:      layout_cave_pools, lemuel_coloured_pillars_altar, tso_oasis_becter,
          uniq_maggie
D:8:      layout_basic, yredelemnul_altar_generic, hellmonk_lair_entry_icy
D:9:      layout_basic
D:10:     minmay_the_grid_square_5x5_3x3
          [minmay_the_grid_square_5x5_two_walls_a,
          minmay_the_grid_square_5x5_pentomino_r,
          minmay_the_grid_square_5x5_inner_z, minmay_the_grid_square_5x5_spiral,
          minmay_the_grid_square_5x5_megaprize_open,
          minmay_the_grid_square_5x5_eight_small,
          minmay_the_grid_square_5x5_six_small,
          minmay_the_grid_square_5x5_forky, minmay_the_grid_square_5x5_seven],
          layout_loops_ring, nicolae_qazlal_style_of_elements, st_stairs_1,
          hangedman_decor_diamond_cutter
Temple:   nicolae_temple_bog_church

Skill      XL: |  1  2  3  4  5  6  7  8  9 10 |
---------------+-------------------------------+-----
Fighting       | 4 5 6 8 9 |  9.0
Shields        | 4 5 6 7 |  7.2
Long Blades    | 3 4 5 7 9 11 12 | 12.2
Armour         | 4 5 6 8 9 10 | 10.2
Dodging        | 1 2 3 |  3.3
Stealth        | 1 |  1.5
Invocations    | |  0.2
Evocations     | |  0.7

Action                     |  1- 3 |  4- 6 |  7- 9 | 10-12 || total
---------------------------+-------+-------+-------+-------++-------
  Melee: Long sword        |    99 |   133 |   199 |       ||   431
         Headbutt          |    11 |    22 |    66 |    38 ||   137
         Scimitar          |       |       |   134 |   163 ||   297
 Invoke: Heroism           |       |       |     1 |     2 ||     3
  Evoke: Wand              |       |       |       |     6 ||     6
    Use: Potion            |     2 |       |     1 |     1 ||     4
         Scroll            |     1 |     4 |     4 |       ||     9
   Stab: Invisible         |     1 |       |       |       ||     1
 Armour: Scale mail        |    66 |       |       |       ||    66
         Chain mail        |     4 |    83 |   134 |   130 ||   351
         Plate armour      |       |    14 |   172 |       ||   186
  Dodge: Dodged            |    38 |    62 |   123 |    62 ||   285
  Block: Buckler           |    27 |    44 |   105 |    45 ||   221
